 Dungeon Crawl Stone Soup version 0.23-a0-151-gf6d1ed2 (webtiles) character file.

85 popedarpa the Skirmisher (level 4, 0/52 HPs)
             Began as an Ogre Berserker on Sept 8, 2018.
             Was a Believer of Trog.
             Slain by a giant cockroach (2 damage)
             ... on level 2 of the Dungeon.
             The game lasted 00:02:07 (829 turns).

popedarpa the Skirmisher (Ogre Berserker)            Turns: 829, Time: 00:02:08

Health: 0/52       AC:  3    Str: 21    XL:     4   Next: 48%
Magic:  4/4        EV: 10    Int:  8    God:    Trog [**....]
Gold:   26         SH:  0    Dex:  9    Spells: 3/3 levels left

rFire    . . .     SeeInvis .   a - +0 mace
rCold    . . .     Gourm    .   (no shield)
rNeg     . . .     Faith    .   b - +0 animal skin
rPois    +         Spirit   .   (helmet restricted)
rElec    .         Reflect  .   (no cloak)
rCorr    .         Harm     .   (gloves unavailable)
MR       .....                  (boots unavailable)
Stlth    ++........             (no amulet)
HPRegen  0.17/turn              d - ring of poison resistance
MPRegen  0.09/turn              e - ring of stealth

@: berserk cooldown, slowed, very slow
A: large, unfitting armour, tough skin 1
a: Berserk, Trog's Hand, Renounce Religion


You were on level 2 of the Dungeon.
You worshipped Trog.
Trog was pleased with you.
You were not hungry.

You visited 1 branch of the dungeon, and saw 2 of its levels.

You collected 26 gold pieces.

Inventory:

Hand Weapons
 a - a +0 mace (weapon)
Armour
 b - a +0 animal skin (worn)
Jewellery
 d - a ring of poison resistance (left hand)
 e - a ring of stealth (right hand)
Wands
 k - a wand of polymorph (12)
Scrolls
 f - a scroll of fog {unknown}
 g - a scroll of identify {unknown}
 h - 3 scrolls of teleportation {unknown}
 i - a scroll of enchant weapon {unknown}
Potions
 j - a potion of curing {unknown}
Comestibles
 c - 3 rations


   Skills:
 * Level 6.1 Fighting
 + Level 3.4 Maces & Flails
 - Level 2.7 Dodging


You had 3 spell levels left.
You didn't know any spells.
Your spell library was empty.

Dungeon Overview and Level Annotations

Branches:
Dungeon (2/15)

Altars:


Innate Abilities, Weirdness & Mutations

You are too large for most types of armour.
You have tough skin. (AC +1)


Message History

You feel a strong urge to attack something.
* * * LOW HITPOINT WARNING * * *
You feel sick.
You are no longer berserk.
You are exhausted.
You feel yourself slow down.
* * * LOW HITPOINT WARNING * * *
You feel sick.
You are no longer poisoned.
A giant cockroach comes into view.
You see here an adder corpse.
You butcher the adder corpse.
Things that are here:
a chunk of flesh; an adder skeleton Eat a chunk of flesh? (ye/n/q)
You eat the chunk of flesh.
This raw flesh tastes terrible.
You hit the giant cockroach.
The giant cockroach is severely wounded.
The giant cockroach closely misses you. The giant cockroach bites you.
You die...

... ... # .. #####. .#
......#######.#
..............####.#
#...s@............
##...##......###.#.
#...........#.....
.....##.....?##..#.
#.......<..........#.#+#
##.#.###...##..###.#....
#..#....$........#)#....
#. #####.##....###.##...
............†.'...


You could see a giant cockroach.

Vanquished Creatures
  Jessica (D:2)
  Natasha (D:2)
  An adder (D:2)
  A dart slug (D:1)
  A giant cockroach (D:1)
  2 goblins
  A hobgoblin (D:1)
  4 jackals (D:1)
  3 kobolds (D:1)
  4 bats
  4 frilled lizards (D:1)
  A rat (D:2)
24 creatures vanquished.

Notes
Turn   | Place    | Note
-------+----------+-------------------------------------------
     0 | D:1      | popedarpa the Ogre Berserker began the quest for the Orb.
     0 | D:1      | Reached XP level 1. HP: 24/24 MP: 1/1
   119 | D:1      | Reached XP level 2. HP: 13/33 MP: 2/2
   612 | D:1      | Reached skill level 5 in Fighting
   741 | D:2      | Reached ** piety under Trog
   741 | D:2      | Reached XP level 3. HP: 41/42 MP: 3/3
   759 | D:2      | Noticed Jessica
   774 | D:2      | Killed Jessica
   801 | D:2      | Noticed Natasha
   811 | D:2      | Reached XP level 4. HP: 10/52 MP: 4/4
   815 | D:2      | HP: 1/78 [Natasha/magic dart (7)]
   817 | D:2      | Killed Natasha
   817 | D:2      | Reached skill level 6 in Fighting
   823 | D:2      | HP: 1/52 [poisoned by an adder]
   829 | D:2      | Slain by a giant cockroach

Vault maps used:
D:1:      dpeg_arrival_tiny_a, minmay_surrounded
D:2:      nicolae_dithmenos_through_a_glass_darkly, uniq_natasha, uniq_jessica

Skill      XL: |  1  2  3  4 |
---------------+-------------+-----
Maces & Flails | 3 |  3.4
Fighting       | 5 6 |  6.1
Dodging        | |  2.7

Action                   |  1- 3 |  4- 6 || total
-------------------------+-------+-------++-------
Melee: Mace              |    93 |     7 ||   100
       Unarmed           |     3 |       ||     3
Invok: Berserk           |     1 |       ||     1
  Eat: Chunk             |       |     1 ||     1
Armor: Animal skin       |    31 |       ||    31
Dodge: Dodged            |    77 |     4 ||    81

Table legend:
 A = Non-vault XP
 B = Vault XP
 C = Vault XP percentage of total XP
 D = Non-vault monster count
 E = Vault monster count
 F = Vault count percentage of total count
                 A         B        C        D         E       F
            +---------+---------+-------+---------+---------+-------
      Total |      44 |      78 |  63.9 |      18 |       6 |  25.0
            +---------+---------+-------+---------+---------+-------
        D:1 |      25 |       5 |  16.7 |      13 |       4 |  23.5
        D:2 |      19 |      73 |  79.3 |       5 |       2 |  28.6
            +---------+---------+-------+---------+---------+-------
